Map: Chantier naval orbital

Players

Worming

  • Race: Zerg Zerg
  • League: Platinum

lIlIlIlIlIlI - Winner!

  • Race: Zerg Zerg
  • League: Diamond

VOD

Have the link to the VOD?

Description

Time

  • Played on: Nov. 11, 2015, 9:11 a.m.
  • Length: 7:40
Show
View Real Time Build Order
Export as new Build Order

Worming Zerg 

Build Orders: Hatch First 

Get SALT Encoding   

  12  0:01  Drone  
  13  0:12  Overlord  
  13  0:22  Drone  
  14  0:30  Drone x2  
  16  0:39  Drone  
  17  0:48  Drone  
  18  0:56  Hatchery  
  17  1:00  Drone  
  18  1:05  Extractor  
  18  1:09  Drone  
  18  1:18  Spawning Pool  
  17  1:20  Drone  
  18  1:31  Drone  
  19  1:39  Overlord  
  19  1:55  Drone  
  20  2:04  Queen  
  20  2:05  Zergling x2  
  20  2:08  Queen  
  25  2:09  Zergling x2  
  25  2:10  Metabolic Boost  
  25  2:15  Drone  
  27  2:20  Drone  
  28  2:29  Drone  
  29  2:35  Overlord  
  29  2:39  Drone  
  30  2:44  Queen  
  32  2:52  Lair  
  32  2:54  Drone x3  
  35  3:24  Overlord x2  
  35  3:34  Roach Warren  
  35  3:38  Drone x3, Extractor  
  36  3:41  Extractor  
  36  3:47  Drone x3  
  38  3:48  Drone  
  38  3:49  Drone x2  
  41  4:00  Drone x3  
  41  4:01  Overlord  
  41  4:02  Zergling x6  
  44  4:11  Zergling x2  
  44  4:14  Roach  
  35  4:29  Roach x3  
  35  4:30  Roach x2  
  43  4:31  Glial Reconstitution  
  43  4:43  Drone x2  
  43  4:44  Drone x2  
  47  4:46  Queen, Roach  
  51  4:57  Roach x2  
  55  5:08  Roach x2  
  56  5:29  Queen  
  56  5:31  Overlord  
  56  5:32  Overlord  
  58  5:38  Queen  
  60  5:46  Overlord x2  
  60  5:50  Overlord  
  60  5:51  Roach  
  60  5:52  Roach  
  63  5:59  Drone x3  
  63  6:03  Roach  
  68  6:05  Roach  
  64  6:27  Drone x2  
  64  6:28  Hydralisk Den  
  64  6:31  Hydralisk Den  
  64  6:35  Spore Crawler  
  64  6:37  Spore Crawler  
  46  6:47  Drone x4  
  46  6:49  Drone x2  
  50  6:57  Drone, Hydralisk  
  50  6:59  Spore Crawler  
  50  7:02  Hydralisk x4  
  58  7:18  Roach  
  58  7:19  Roach x4  
Show
View Real Time Build Order
Export as new Build Order

lIlIlIlIlIlI Zerg - Winner!

Build Orders: 3 Hatch before Pool 

Get SALT Encoding   

  12  0:00  Drone  
  13  0:13  Overlord  
  13  0:17  Drone  
  14  0:31  Drone x2  
  16  0:36  Drone  
  17  0:52  Hatchery  
  17  0:58  Hatchery  
  17  1:02  Drone  
  17  1:06  Drone  
  17  1:09  Extractor  
  17  1:13  Drone  
  18  1:21  Spawning Pool  
  17  1:26  Drone  
  17  1:32  Drone  
  19  1:39  Overlord  
  19  2:09  Queen, Metabolic Boost  
  19  2:11  Zergling x4  
  19  2:12  Queen, Drone  
  19  2:15  Drone  
  27  2:21  Drone  
  28  2:27  Drone  
  29  2:35  Drone  
  30  2:39  Baneling Nest  
  30  2:43  Drone x3  
  32  2:46  Queen  
  34  2:55  Drone x2  
  36  3:03  Overlord  
  36  3:18  Overlord  
  35  3:22  Zergling x2  
  35  3:23  Zergling x12  
  41  3:30  Lair  
  41  3:33  Zergling x2  
  42  3:40  Drone  
  43  3:46  Extractor x2  
  41  3:49  Drone x3, Extractor  
  41  3:51  Drone x2  
  45  3:59  Drone x2  
  45  4:00  Drone  
  48  4:07  Hatchery  
  41  4:30  Zergling x2  
  41  4:31  Zergling x18, Spire  
  48  5:03  Drone  
  48  5:04  Drone x2, Overlord x3  
  51  5:21  Drone x7  
  54  5:34  Drone  
  54  5:35  Drone  
  53  5:38  Zergling x12  
  53  5:39  Zergling x2  
  60  5:46  Zerg Flyer Weapons Level 1  
  60  5:47  Mutalisk  
  62  5:52  Mutalisk x3  
  68  6:02  Spine Crawler  
  67  6:07  Mutalisk x3  
  67  6:11  Mutalisk  
  73  6:16  Mutalisk x2  
  73  6:22  Queen  
  69  6:27  Mutalisk  
  72  6:34  Zergling x2  
  72  6:35  Zergling x14  
  80  6:44  Mutalisk  
  80  6:46  Overlord x2  
  82  7:01  Roach Warren  
  82  7:02  Drone  
  82  7:03  Overlord  
  82  7:07  Drone x5  
  82  7:08  Drone x2  
Tags
 
Add a new tag
Caveats
  • Supply blocks, unpowered buildings, or Contaminate may cause inaccurate times.
  • Supply counts are checked every 10 seconds.